 Dungeon Crawl Stone Soup version 0.27.1-34-g3ba077fa99 (webtiles) character file.

Game seed: 9735824481592697006

23 McKennaii the Skirmisher (level 2, -5/24 HPs)
             Began as a Demonspawn Fighter on Jan 15, 2022.
             Slain by an ogre (24 damage)
             ... on level 2 of the Dungeon.
             The game lasted 00:00:52 (683 turns).

McKennaii the Skirmisher (Demonspawn Fighter)        Turns: 683, Time: 00:00:52

Health: -5/24      AC: 10    Str: 16    XL:     2   Next: 75%
Magic:  2/2        EV:  4    Int:  9    God:
Gold:   18         SH:  8    Dex: 12    Spells: 1/1 levels left

rFire    . . .     SeeInvis .   a - +0 trident
rCold    . . .     Faith    .   c - +0 kite shield
rNeg     . . .     Spirit   .   i - +0 chain mail
rPois    .         Reflect  .   (no helmet)
rElec    .         Harm     .   (no cloak)
rCorr    .         Rampage  .   (no gloves)
Will     .....                  f - +0 pair of boots
Stlth    ..........             h - amulet of the acrobat
HPRegen  0.08/turn              (no ring)
MPRegen  0.08/turn              (no ring)

@: no status effects
A: claws 1
a: no special abilities


You were on level 2 of the Dungeon.
You visited 1 branch of the dungeon, and saw 2 of its levels.

You collected 18 gold pieces.

Inventory:

Hand Weapons
 a - a +0 trident (weapon)
Armour
 c - a +0 kite shield (worn)
 f - a +0 pair of boots (worn)
 i - a +0 chain mail (worn)
Jewellery
 h - an amulet of the acrobat (around neck)
Scrolls
 e - 2 scrolls of identify {unknown}
 g - a scroll of torment {unknown}
Potions
 d - a potion of might


   Skills:
 + Level 3.2 Fighting
 * Level 2.3 Polearms
 + Level 2.9 Armour
 + Level 2.9 Shields


You had one spell level left.
You didn't know any spells.
Your spell library was empty.

Dungeon Overview and Level Annotations

Branches:
Dungeon (2/15)

Altars:


Innate Abilities, Weirdness & Mutations

You have sharp fingernails.


Message History

Found 12 gold pieces.
A giant cockroach and an ogre come into view.
Found a book of Changes.
The ogre shouts!
An endoplasm comes into view.
The ogre moves out of view.
The endoplasm quivers.
The giant cockroach waves its antennae.
You reach to attack!
You hit the giant cockroach but do no damage.
The giant cockroach bites you but does no damage.
You hit the giant cockroach.
The giant cockroach is heavily wounded.
The giant cockroach bites you but does no damage.
A worm comes into view.
The giant cockroach bites you but does no damage.
Your shield and chain mail prevent you from hitting the giant cockroach.
The giant cockroach is heavily wounded.
The giant cockroach bites you but does no damage.
You puncture the giant cockroach!
You kill the giant cockroach!
You block the endoplasm's attack. You block the ogre's attack.
The endoplasm freezes you.
You are frozen.
You hit the ogre.
The ogre is moderately wounded.
The ogre hits you but does no damage.
The endoplasm hits you but does no damage.
You hit the ogre but do no damage.
The ogre is moderately wounded.
The endoplasm freezes you.
You are frozen.
You block the ogre's attack.
You hit the ogre.
The ogre is moderately wounded.
You block the endoplasm's attack. The ogre barely misses you.
The endoplasm hits you but does no damage.
You hit the ogre.
The ogre is moderately wounded.
The ogre hits you with a +0 giant spiked club!!
Ouch! That really hurt!
You die...

#......... ...##.#
#......... .......
#......... .......
###....#'# .......
#....#.# .......
#....#.# .......#######
#....#.#
.......†.....####.†..#.#
......J@..#..........#.#
.......O..#..........#.#
..........#..........#.#
.:..w..####..........#+#
....... ..............
....... ....##+##<......
...!........# #.......
..$......... #.......
....


You could see an ogre, a worm and an endoplasm.

Vanquished Creatures
  A bat (D:1)
  6 endoplasms (D:1)
  4 giant cockroaches
  A goblin (D:1)
  2 hobgoblins (D:1)
  A kobold (D:1)
  2 ball pythons (D:1)
  2 rats
19 creatures vanquished.

Notes
Turn   | Place    | Note
-------+----------+-------------------------------------------
     0 | D:1      | McKennaii the Demonspawn Fighter began the quest for the
                  | Orb.
     0 | D:1      | Reached XP level 1. HP: 18/18 MP: 1/1
   109 | D:1      | Gained mutation: You have sharp fingernails. [demonic
                  | ancestry]
   109 | D:1      | Reached XP level 2. HP: 24/24 MP: 2/2
   209 | D:1      | Found a faded altar of an unknown god.
   674 | D:2      | Noticed an ogre
   683 | D:2      | Slain by an ogre

Illustrated notes

Levels and vault maps discovered:
D:1:      minmay_arrival_cross, layout_rooms,
          shapermc_ecumenical_altar_notcrosses
D:2:      layout_basic, roderic_serpentine_path, uniq_crazy_yiuf_cottage,
          uniq_sigmund

Skill      XL: |  1 |
---------------+----+-----
Polearms       | 2 |  2.3
Fighting       | |  3.2
Armour         | |  2.9
Shields        | |  2.9

Action                   || total
-------------------------++-------
Melee: Trident           ||    61
Armor: Scale mail        ||    20
       Chain mail        ||    14
Dodge: Dodged            ||    12
Block: Kite shield       ||    19
